 Dungeon Crawl Stone Soup version 0.30-b1-5-g8e6c1be481 (webtiles) character file.

Game seed: 6844721225921060852

37 Abcedarian the Chopper (level 3, -5/26 (30) HPs)
             Began as a Hill Orc Reaver on May 4, 2023.
             Slain by a gnoll
             ... wielding a +1 vampiric spear
              (7 damage)
             ... on level 2 of the Dungeon.
             The game lasted 00:03:50 (1200 turns).

Abcedarian the Chopper (Hill Orc Reaver)            Turns: 1200, Time: 00:03:51

HP:   -5/26 (30)    AC:  3    Str: 14    XL:     3   Next: 41%
MP:   5/5           EV: 11    Int: 15    God:
Gold: 18            SH:  0    Dex:  9    Spells: 0/5 levels left

rFire   . . .        a - +0 hand axe
rCold   . . .        (no shield)
rNeg    . . .        b - +0 leather armour
rPois   .            (no helmet)
rElec   .            (no cloak)
rCorr   .            (no gloves)
SInv    .            (no boots)
Will    .....        (no amulet)
Stlth   +            (no ring)
HPRegen 0.24/turn    (no ring)
MPRegen 0.09/turn

%: no passive effects
@: heavily drained
A: no striking features
a: no special abilities


You were on level 2 of the Dungeon.
You visited 1 branch of the dungeon, and saw 2 of its levels.

You collected 18 gold pieces.

Inventory:

Hand Weapons
 a - a +0 hand axe (weapon)
Armour
 b - a +0 leather armour (worn)
Scrolls
 d - a scroll of vulnerability
 g - a scroll of identify
 i - a scroll of teleportation {unknown}
Potions
 c - a potion of brilliance {unknown}
 e - a potion of curing
 f - a potion of flight {unknown}
 h - a potion of cancellation {unknown}


   Skills:
 * Level 2.7 Fighting
 * Level 4.2 Axes
 * Level 1.0 Armour
 * Level 1.8 Dodging
 * Level 0.6 Stealth
 * Level 1.6 Spellcasting
 * Level 3.2 Conjurations
 * Level 0.2 Hexes
 * Level 0.3 Necromancy
 * Level 0.1 Translocations


You couldn't memorise any spells.
You knew the following spells:

 Your Spells              Type           Power      Damage    Failure   Level
a - Kiss of Death         Conj/Necr      24%        2d7       14%         1
b - Momentum Strike       Conj/Tloc      12%        3d8       22%         2
c - Ensorcelled Hibernat  Hex/Ice        2%         N/A       38%         2

Your spell library contained the following spells:

 Spells                   Type           Power      Damage    Failure   Level
 Passwall                 Tmut/Erth      0%         N/A       38%         2
 Hailstorm                Conj/Ice       6%         3d4       41%         3
 Swiftness                Air            1%         N/A       63%         3


Dungeon Overview and Level Annotations

Branches:
Dungeon (2/15)

Altars:


Message History

You see here 3 stones.
There is an open door here.
There is an open door here.
You see here 3 stones.
There is a stone staircase leading down here.
You climb downwards.
There is a stone staircase leading up here.
Found a stone staircase leading down.
An endoplasm and a ball python come into view.
The endoplasm quivers.
The ball python hisses angrily.
You hit the endoplasm.
The endoplasm is lightly wounded.
The endoplasm hits you but does no damage.
The endoplasm freezes you.
You are frozen.
The gnoll misses you.
You hit the endoplasm but do no damage.
The endoplasm is lightly wounded.
The endoplasm hits you but does no damage.
The gnoll hits you from afar with a +1 vampiric spear!
You barely miss the endoplasm.
The endoplasm is lightly wounded.
You hit the gnoll. The gnoll completely misses you. The endoplasm freezes you.
You are frozen.
You hit the endoplasm.
The endoplasm is heavily wounded.
You closely miss the gnoll. The endoplasm barely misses you.
The gnoll hits you from afar with a +1 vampiric spear!
* * * LOW HITPOINT WARNING * * *
The gnoll barely misses you.
You hit the endoplasm but do no damage.
The endoplasm is heavily wounded.
You barely miss the gnoll. You hit the ball python.
You kill the ball python!
The endoplasm freezes you.
You are frozen.
* * * LOW HITPOINT WARNING * * *
The gnoll hits you from afar with a +1 vampiric spear!
You die...

....# ...>..# .
##.....#..#
.........#
....S.#.##. #...
.....^
..########.###......
......J@.g..........
.#.....g#...........
######....#.###..##
#...##.# ##..###.#
.......g# ...#..#..#
..#.##.#..# #....
.## ###..#.#..#


You could see 2 gnolls and an endoplasm.

Vanquished Creatures
  An adder (D:2)
  A dart slug (D:1)
  3 ball pythons
  A bat (D:1)
  An endoplasm (D:1)
  2 giant cockroaches (D:1)
  5 hobgoblins (D:1)
  4 jackals (D:1)
  A quokka (D:1)
  2 kobolds (D:1)
  3 rats (D:1)
24 creatures vanquished.

Notes
Turn   | Place    | Note
-------+----------+-------------------------------------------
     0 | D:1      | Abcedarian the Hill Orc Reaver began the quest for the Orb.
     0 | D:1      | Reached XP level 1. HP: 18/18 MP: 3/3
   326 | D:1      | Reached XP level 2. HP: 15/22 MP: 4/4
   329 | D:1      | Learned a level 2 spell: Momentum Strike
   549 | D:2      | Reached XP level 3. HP: 24/26 MP: 3/5
   552 | D:2      | Learned a level 2 spell: Ensorcelled Hibernation
   799 | D:1      | Found a faded altar of an unknown god.
   946 | D:1      | Reached skill level 1 in Armour
  1200 | D:2      | Slain by a gnoll

Illustrated notes

Levels and vault maps discovered:
D:1:      elethiomel_arrival_quiet, layout_loops_cross,
          shapermc_ecumenical_altar_mp_highgroup
D:2:      layout_rooms, minmay_tree_intersection, uniq_jessica

Skill      XL: |  1  2  3 |
---------------+----------+-----
Armour         | 1 |  1.0
Fighting       | |  2.7
Axes           | |  4.2
Dodging        | |  1.8
Stealth        | |  0.6
Spellcasting   | |  1.6
Conjurations   | |  3.2
Hexes          | |  0.2
Necromancy     | |  0.3
Translocations | |  0.1

Action                     || total
---------------------------++-------
  Melee: Hand axe          ||    89
         Punch             ||     1
   Cast: Kiss of Death     ||     2
         Momentum Strike   ||     2
    Use: Potion            ||     2
         Scroll            ||     1
 Armour: Leather armour    ||    42
  Dodge: Dodged            ||    93
